 Dungeon Crawl Stone Soup version 0.21.1-1-g345015f (webtiles) character file.

1703 iamserjio the Sneak (level 9, -2/62 HPs)
             Began as an Octopode Fighter on Apr 12, 2018.
             Was a Believer of Makhleb.
             Slain by an ice beast (11 damage)
             ... on level 6 of the Dungeon.
             The game lasted 00:16:48 (6380 turns).

iamserjio the Sneak (Octopode Fighter)              Turns: 6380, Time: 00:16:49

Health: -2/62      AC:  1    Str: 23    XL:     9   Next: 3%
Magic:  9/9        EV: 12    Int: 10    God:    Makhleb [**....]
Gold:   158        SH: 10    Dex: 12    Spells: 8/8 levels left

rFire    . . .     SeeInvis .   C - +3 hand axe
rCold    . . .     Gourm    .   b - +0 shield
rNeg     . . .     Faith    .   (helmet restricted)
rPois    .         Spirit   .   (no amulet)
rElec    .         Reflect  .   (no ring)
rCorr    .         Harm     .   (no ring)
MR       .....                  (no ring)
Stlth    ++++......             (no ring)
HPRegen  0.20/turn              (no ring)
MPRegen  0.11/turn              (no ring)
                                (no ring)
                                (no ring)

@: mighty
A: almost no armour, stealthy swim, amphibious, 8 rings, constrict 8, camouflage
1, gelatinous body 1
a: Minor Destruction, Renounce Religion


You were on level 6 of the Dungeon.
You worshipped Makhleb.
Makhleb was pleased with you.
You were not hungry.

You visited 1 branch of the dungeon, and saw 6 of its levels.

You collected 158 gold pieces.

Inventory:

Hand Weapons
 a - a +0 war axe
 v - a +0 dagger of draining
 w - a +0 rapier
 A - a +3 trident of piercing
 C - a +3 hand axe (weapon)
Missiles
 s - 3 poisoned tomahawks (quivered)
 u - 110 stones
Armour
 b - a +0 shield (worn)
Wands
 q - a wand of iceblast (17)
 t - a wand of paralysis (3)
 z - a wand of digging (6)
Scrolls
 e - 3 scrolls of teleportation {unknown}
 f - 6 scrolls of identify {unknown}
 i - 2 scrolls of immolation {unknown}
 j - 4 scrolls of enchant weapon {unknown}
 k - 2 scrolls of magic mapping {unknown}
 l - 2 scrolls of amnesia {unknown}
 n - a scroll of random uselessness {unknown}
 y - 3 scrolls of remove curse {unknown}
Potions
 c - 2 potions of might
 g - 3 potions of mutation {unknown}
 h - 2 potions of haste {unknown}
 m - a potion of degeneration {unknown}
 o - 2 potions of berserk rage {unknown}
 p - 4 potions of heal wounds {unknown}
 r - 2 potions of curing {unknown}
 x - a potion of agility {unknown}
Comestibles
 d - 11 rations
 B - 5 chunks of flesh


   Skills:
 + Level 6.0 Fighting
 * Level 6.7 Axes
 - Level 3.0 Dodging
 - Level 7.0 Stealth
 + Level 6.0 Shields
 - Level 1.3 Invocations


You had 8 spell levels left.
You didn't know any spells.

Dungeon Overview and Level Annotations

Branches:
Dungeon (6/15)
 Temple: D:4-7

Altars:
Ashenzari
Cheibriados
Makhleb
Okawaru
Zin


Innate Abilities, Weirdness & Mutations

You cannot wear most types of armour.
You are very stealthy in the water. (Stealth+)
You are amphibious.
You can wear up to eight rings at the same time.
You can use your tentacles to constrict eight enemies at once.
Your skin changes colour to match your surroundings (Stealth+).
Your rubbery body absorbs attacks. (AC +1, EV +1)


Message History

The ice beast misses you.
You hit the ice beast.
The ice beast is moderately wounded.
The ice beast hits you. The ice beast freezes you!
You are too injured to fight recklessly!
You barely miss the ice beast.
You squeeze the ice beast, but do no damage.
The ice beast is moderately wounded.
The ice beast hits you.
* * * LOW HITPOINT WARNING * * *
The ice beast freezes you!
* * * LOW HITPOINT WARNING * * *
You feel very mighty all of a sudden. The ice beast misses you.
You slash the ice beast! Your squeeze misses the ice beast.
The ice beast is severely wounded.
The ice beast hits you.
* * * LOW HITPOINT WARNING * * *
The ice beast freezes you!
You die...

.# #<# ####.## .# #.#
#.# .# ##'## #.# .#
##...## #.#
.###.....## ####.#
.##.......## ##.##.#
.#.........####.<...#
.'.........+........##
##.........####.@....#
###.......## #.Y.†#..#
# ##.....## #.#.###.#
# ##...## #.#.. .#
##+## #..... ##
###.### #.# #.# #.#


You could see an ice beast.

Vanquished Creatures
  Grinder (D:6)
  Prince Ribbit (D:6)
  Sigmund (D:4)
  A sky beast (D:4)
  An ogre (D:4)
  A phantom (D:4)
  A centaur (D:6)
  Blork the orc (D:6)
  A bullfrog (D:6)
  A scorpion (D:4)
  A howler monkey (D:4)
  A crimson imp (D:5)
  4 hounds
  An orc priest (D:3)
  A jelly (D:5)
  3 orc wizards
  2 iguanas
  Natasha (thrice) (D:4)
  7 adders
  A shadow imp (D:6)
  2 worms (D:2)
  3 dart slugs (D:1)
  4 leopard geckos
  26 orcs
  5 giant cockroaches
  6 goblins
  5 hobgoblins
  3 jackals (D:3)
  A quokka (D:4)
  2 ball pythons
  6 bats
  5 frilled lizards
  A giant cockroach zombie (D:6)
  A jackal skeleton (D:4)
  5 kobolds
  9 rats
118 creatures vanquished.

Notes
Turn   | Place    | Note
-------+----------+-------------------------------------------
     0 | D:1      | iamserjio the Octopode Fighter began the quest for the Orb.
     0 | D:1      | Reached XP level 1. HP: 16/16 MP: 1/1
    70 | D:1      | Reached skill level 1 in Stealth
   106 | D:1      | Reached XP level 2. HP: 21/21 MP: 2/2
   295 | D:1      | Reached skill level 2 in Stealth
   491 | D:1      | Reached XP level 3. HP: 25/26 MP: 3/3
   872 | D:2      | Noticed a sky beast
  1088 | D:3      | Reached skill level 3 in Stealth
  1088 | D:3      | Reached XP level 4. HP: 22/31 MP: 4/4
  1128 | D:3      | Reached XP level 5. HP: 16/36 MP: 5/5
  1333 | D:3      | Reached skill level 4 in Stealth
  1566 | D:3      | Found a burning altar of Makhleb.
  1596 | D:3      | Found a shattered altar of Ashenzari.
  1670 | D:3      | Noticed a green death
  1674 | D:3      | Noticed a neqoxec
  1674 | D:3      | Noticed a hellwing
  1676 | D:3      | Became a worshipper of Makhleb the Destroyer
  2060 | D:3      | Reached XP level 6. HP: 24/43 MP: 6/6
  2249 | D:3      | Reached skill level 5 in Stealth
  2409 | D:3      | Reached * piety under Makhleb
  3488 | D:4      | Paralysed by an orc for 3 turns
  3595 | D:4      | Reached skill level 6 in Stealth
  3595 | D:4      | Reached XP level 7. HP: 42/48 MP: 7/7
  3787 | D:4      | Noticed Sigmund
  3797 | D:4      | Killed Sigmund
  3868 | D:4      | Noticed Natasha
  3871 | D:4      | Killed Natasha
  3881 | D:4      | Reached skill level 7 in Stealth
  3923 | D:4      | Noticed Natasha
  3928 | D:4      | Killed Natasha
  4367 | D:4      | Noticed Natasha
  4373 | D:4      | Killed Natasha
  4444 | D:4      | Reached skill level 1 in Invocations
  4444 | D:4      | Reached XP level 8. HP: 54/54 MP: 8/8
  4569 | D:5      | Entered Level 5 of the Dungeon
  4619 | D:5      | Reached ** piety under Makhleb
  4619 | D:5      | Reached skill level 5 in Fighting
  4619 | D:5      | Reached skill level 5 in Shields
  4941 | D:4      | Reached skill level 5 in Axes
  5203 | D:5      | Found an iron altar of Okawaru.
  5460 | D:6      | Noticed Prince Ribbit
  5473 | D:6      | Killed Prince Ribbit
  5640 | D:6      | Noticed Blork the orc
  5656 | D:6      | Killed Blork the orc
  5916 | D:6      | Found a snail-covered altar of Cheibriados.
  6016 | D:6      | Found a glowing silver altar of Zin.
  6067 | D:6      | Noticed Grinder
  6073 | D:6      | Killed Grinder
  6099 | D:6      | Reached XP level 9. HP: 40/62 MP: 9/9
  6380 | D:6      | Slain by an ice beast

Skill      XL: |  1  2  3  4  5  6  7  8 |
---------------+-------------------------+-----
Stealth        | 1 2 3 4 6 7 |  7.0
Axes           | 3 4 6 |  6.7
Shields        | 4 6 |  6.0
Fighting       | 4 6 |  6.0
Invocations    | 1 |  1.3
Dodging        | |  3.0

Action                   |  1- 3 |  4- 6 |  7- 9 || total
-------------------------+-------+-------+-------++-------
Melee: War axe           |    61 |   102 |   100 ||   263
       Constrict         |    17 |    28 |    22 ||    67
       Tentacles         |     9 |    18 |    24 ||    51
       Rapier            |       |       |     5 ||     5
       Hand axe          |       |       |    25 ||    25
  Use: Potion            |       |       |     1 ||     1
 Stab: Sleeping          |    13 |     6 |     7 ||    26
       Distracted        |       |     4 |     1 ||     5
  Eat: Chunk             |       |     9 |     5 ||    14
       Ration            |       |       |     1 ||     1
Armor: Skin              |     5 |     4 |     2 ||    11
Dodge: Dodged            |    22 |    51 |    44 ||   117
Block: Shield            |    34 |    52 |    53 ||   139
